[Event "WJCC U20 Girls 2019"]
[Site "New Delhi"]
[Date "2019.10.19"]
[Round "6.40"]
[White "Dahampriya, H K T Dewnethmie"]
[Black "Ananya, Suresh"]
[Result "0-1"]
[ECO "B31"]
[WhiteElo "1629"]
[BlackElo "1896"]
[Annotator "NA"]
[PlyCount "62"]
[EventDate "2019.10.15"]
[EventType "swiss"]
[EventCountry "IND"]
[SourceTitle "playchess.com"]
[Source "ChessBase"]
[SourceQuality "1"]
[TimeControl "40/5400+30:1800+30"]

1. e4 c5 2. Nf3 Nc6 3. Bb5 g6 4. O-O Bg7 5. Bxc6 bxc6 6. d3 e5 7. c4 Ne7 8. Nc3 O-O 9. Nd2 f5 10. f4 d5 11. exd5 cxd5 12. fxe5 Bxe5 13. Ne2 dxc4 14. dxc4 Rb8 15. Qc2 Nc6 16. Nf3 Bf6 17. a3 g5 18. Rb1 f4 19. Kh1 Ne7 20. Rd1 Qe8 21. Qd2 Bf5 22. Ra1 Qh5 23. Nc3 Bg4 24. Qf2 Nf5 25. Ne4 Nd4 26. Nxf6+ Rxf6 27. Rf1 Bxf3 28. gxf3 Re8 29. Qg1 Re2 30. Rf2 Nxf3 31. Qg2 Re1+ 0-1

[Event "WJCC U20 Girls 2019"]
[Site "New Delhi"]
[Date "2019.10.19"]
[Round "6.41"]
[White "Abdala Cancino, Patricia Anastas"]
[Black "Rindhiya V"]
[Result "0-1"]
[ECO "C54"]
[WhiteElo "1608"]
[BlackElo "1817"]
[Annotator "NA"]
[PlyCount "76"]
[EventDate "2019.10.15"]
[EventType "swiss"]
[EventCountry "IND"]
[SourceTitle "playchess.com"]
[Source "ChessBase"]
[SourceQuality "1"]
[TimeControl "40/5400+30:1800+30"]

1. e4 e5 2. Nf3 Nc6 3. Bc4 Bc5 4. c3 Nf6 5. d3 d6 6. Bb3 a6 7. h3 h6 8. Nbd2 O-O 9. g4 Nh7 10. Nf1 Be6 11. Ng3 d5 12. Qe2 dxe4 13. dxe4 Na5 14. Bxe6 fxe6 15. b4 Ba7 16. bxa5 Qf6 17. Be3 Bxe3 18. Qxe3 Qxf3 19. Qxf3 Rxf3 20. Rb1 Rxc3 21. Rxb7 Rc5 22. O-O Rf8 23. Ra7 Rxa5 24. Rxc7 Rxa2 25. Nh5 Ng5 26. Rxg7+ Kh8 27. Rg6 Nxh3+ 28. Kg2 Nxf2 29. Rxh6+ Kg8 30. Rg6+ Kh7 31. Rg7+ Kh6 32. Rb1 Nxg4+ 33. Kg3 Nf6 34. Nxf6 Kxg7 35. Nd7 Ra3+ 36. Kg2 Rf4 37. Rb7 Rf7 38. Nc5 Rxb7 0-1

[Event "WJCC U20 Girls 2019"]
[Site "New Delhi"]
[Date "2019.10.19"]
[Round "6.42"]
[White "Du Plessis, Anika"]
[Black "Bhagyashree Patil"]
[Result "0-1"]
[ECO "C45"]
[WhiteElo "1594"]
[BlackElo "1802"]
[Annotator "NA"]
[PlyCount "78"]
[EventDate "2019.10.15"]
[EventType "swiss"]
[EventCountry "IND"]
[SourceTitle "playchess.com"]
[Source "ChessBase"]
[SourceQuality "1"]
[TimeControl "40/5400+30:1800+30"]

1. e4 e5 2. Nf3 Nc6 3. d4 exd4 4. Nxd4 Bc5 5. Nb3 Bb6 6. Be2 Nf6 7. Nc3 a5 8. O-O d6 9. Bg5 h6 10. Bh4 g5 11. Bg3 h5 12. h4 g4 13. Bb5 Bd7 14. Bxc6 Bxc6 15. e5 dxe5 16. Qxd8+ Rxd8 17. Bxe5 Rh6 18. Nc1 Kf8 19. Nd3 Ne4 20. Bf4 Re6 21. Nxe4 Bxe4 22. Ne5 Rd4 23. c3 Rd5 24. Nc4 Ba7 25. Ne3 Rd2 26. b3 g3 27. Nd1 gxf2+ 28. Nxf2 Rb2 29. Rad1 Bc6 30. Rd8+ Kg7 31. Rd2 Rxd2 32. Bxd2 Rg6 33. Bg5 f6 34. Kh2 fxg5 35. Nd3 Rf6 36. Re1 gxh4 37. Kh3 Bf2 38. Re7+ Kf8 39. Re5 Bg3 0-1

[Event "WJCC U20 Girls 2019"]
[Site "New Delhi"]
[Date "2019.10.19"]
[Round "6.43"]
[White "Figueroa Bernal, Julia Dennis"]
[Black "Djuric, Anja"]
[Result "1-0"]
[ECO "B12"]
[WhiteElo "1777"]
[BlackElo "1493"]
[Annotator "NA"]
[PlyCount "73"]
[EventDate "2019.10.15"]
[EventType "swiss"]
[EventCountry "IND"]
[SourceTitle "playchess.com"]
[Source "ChessBase"]
[SourceQuality "1"]
[TimeControl "40/5400+30:1800+30"]

1. e4 c6 2. d4 d5 3. e5 Bf5 4. Nc3 e6 5. g4 Bg6 6. Nge2 c5 7. h4 h6 8. Be3 Nc6 9. f4 Be4 10. Nxe4 dxe4 11. dxc5 Qa5+ 12. c3 Nge7 13. b4 Qc7 14. Nd4 Nxd4 15. Qxd4 Nc6 16. Qxe4 O-O-O 17. Bb5 Be7 18. Bxc6 bxc6 19. a4 g5 20. hxg5 hxg5 21. Rxh8 Rxh8 22. f5 Rh2 23. f6 Bxf6 24. exf6 Qg3+ 25. Kd1 Kd7 26. b5 Qh3 27. Bd2 Rh1+ 28. Be1 Qxc3 29. Qxc6+ Kd8 30. Qa8+ Kd7 31. Qxa7+ Kd8 32. Qe7+ Kc8 33. Qe8+ Kb7 34. Qd7+ Kb8 35. Qd8+ Kb7 36. c6+ Ka7 37. Qc7+ 1-0

[Event "WJCC U20 Girls 2019"]
[Site "New Delhi"]
[Date "2019.10.19"]
[Round "6.44"]
[White "Arushi Kotwal"]
[Black "Shivika Rohilla"]
[Result "1/2-1/2"]
[ECO "A05"]
[WhiteElo "1657"]
[BlackElo "1721"]
[Annotator "NA"]
[PlyCount "113"]
[EventDate "2019.10.15"]
[EventType "swiss"]
[EventCountry "IND"]
[SourceTitle "playchess.com"]
[Source "ChessBase"]
[SourceQuality "1"]
[TimeControl "40/5400+30:1800+30"]

1. Nf3 Nf6 2. g3 d5 3. d4 e6 4. c4 dxc4 5. Qa4+ Nbd7 6. Bg2 a6 7. Qxc4 b5 8. Qc2 Bb7 9. O-O c5 10. Bg5 Rc8 11. Qd1 cxd4 12. Nxd4 Bxg2 13. Kxg2 Bc5 14. Nc3 Qb6 15. Nf3 O-O 16. Qb3 Rfd8 17. Rad1 Be7 18. Bxf6 Nxf6 19. Rxd8+ Rxd8 20. Rd1 Rd4 21. Rd3 Rxd3 22. Qc2 Rd1 23. Qxd1 Qd6 24. Qxd6 Bxd6 25. a3 Kf8 26. h3 Ke7 27. Kf1 Nd7 28. Nd4 Nb6 29. Nc2 Nc4 30. Nd1 Bc5 31. e3 Kd6 32. Ke2 a5 33. b4 Bb6 34. Nc3 Kc6 35. Kd3 Nb2+ 36. Ke2 a4 37. Kf3 Nc4 38. Ke2 f5 39. Kd3 Nb2+ 40. Ke2 g6 41. Kf3 Nc4 42. h4 e5 43. Ke2 Bd8 44. e4 Bb6 45. f3 fxe4 46. fxe4 Bd4 47. Nd1 Kd6 48. Kd3 Nb2+ 49. Nxb2 Bxb2 50. g4 Bc1 51. Ke2 h6 52. Kf3 Bd2 53. Kg2 Ke6 54. Kf3 h5 55. g5 Bc1 56. Kg2 Bb2 57. Kf3 1/2-1/2

[Event "WJCC U20 Girls 2019"]
[Site "New Delhi"]
[Date "2019.10.19"]
[Round "6.45"]
[White "Rathi Dhanashree"]
[Black "Rousseau, Christilla"]
[Result "1-0"]
[ECO "D12"]
[WhiteElo "1692"]
[BlackElo "1648"]
[Annotator "NA"]
[PlyCount "119"]
[EventDate "2019.10.15"]
[EventType "swiss"]
[EventCountry "IND"]
[SourceTitle "playchess.com"]
[Source "ChessBase"]
[SourceQuality "1"]
[TimeControl "40/5400+30:1800+30"]

1. d4 d5 2. Nf3 Nf6 3. e3 Bf5 4. c4 c6 5. Nc3 e6 6. Be2 h6 7. O-O Be7 8. b3 O-O 9. Bb2 Nbd7 10. h3 Rc8 11. Bd3 Ne4 12. Qc2 Ndf6 13. Rad1 Nxc3 14. Bxc3 Bxd3 15. Qxd3 Ne4 16. Bb2 Qe8 17. Nd2 f5 18. c5 g5 19. Nxe4 fxe4 20. Qe2 h5 21. f3 exf3 22. Rxf3 Rxf3 23. gxf3 Qg6 24. Kh2 Qf5 25. Rg1 Kh7 26. Bc1 Rf8 27. Kg2 Bd8 28. e4 Qf6 29. e5 Qf5 30. Rf1 Ba5 31. f4 g4 32. hxg4 Rg8 33. g5 Kg6 34. Rh1 Rh8 35. Rh3 Bd8 36. Qd3 Ba5 37. Qxf5+ Kxf5 38. Kf3 Bc3 39. Be3 Bb4 40. Bf2 Bd2 41. Be3 Bb4 42. Rh1 Bc3 43. Rc1 Bb4 44. a3 Ba5 45. b4 Bc7 46. a4 Rg8 47. Bd2 a6 48. Rh1 Kg6 49. Rb1 Kf5 50. b5 axb5 51. axb5 Ra8 52. bxc6 Ra3+ 53. Ke2 bxc6 54. Rb7 Bd8 55. Rh7 Kg4 56. g6 Kf5 57. g7 Rg3 58. Rxh5+ Ke4 59. Rg5 Bxg5 60. fxg5 1-0

[Event "WJCC U20 Girls 2019"]
[Site "New Delhi"]
[Date "2019.10.19"]
[Round "6.46"]
[White "Reid, Caitlin"]
[Black "Lohani, Sujana"]
[Result "0-1"]
[ECO "B07"]
[WhiteElo "1489"]
[BlackElo "1671"]
[Annotator "NA"]
[PlyCount "98"]
[EventDate "2019.10.15"]
[EventType "swiss"]
[EventCountry "IND"]
[SourceTitle "playchess.com"]
[Source "ChessBase"]
[SourceQuality "1"]
[TimeControl "40/5400+30:1800+30"]

1. e4 d6 2. d4 Nf6 3. Nc3 g6 4. Bg5 Bg7 5. Qd2 h6 6. Be3 Ng4 7. Bc4 O-O 8. O-O-O Nxe3 9. Qxe3 Nd7 10. f4 Kh7 11. g4 c5 12. Nf3 cxd4 13. Nxd4 e5 14. Nf3 Nb6 15. Be2 Bxg4 16. fxe5 Bxf3 17. Rxd6 Qc7 18. Qxf3 Bxe5 19. Nb5 Qc5 20. Rd2 a6 21. Nc3 Rac8 22. Nd5 Rc6 23. h4 Nxd5 24. exd5 Rf6 25. Qe4 Bf4 26. h5 Kg7 27. hxg6 fxg6 28. Rhd1 Qe3 29. Qc4 b5 30. Qd3 Rd8 31. Kb1 Qc5 32. Qd4 Qe7 33. Rd3 Qxe2 34. Rc3 Be5 35. Re3 Bxd4 36. Rxe2 Bc5 37. a3 h5 38. b4 Bd6 39. Kb2 g5 40. Kb3 h4 41. Rd3 g4 42. Re4 Rg6 43. c4 bxc4+ 44. Rxc4 g3 45. Rdd4 h3 46. Rc6 g2 47. Rxa6 g1=Q 48. Ra7+ Kg8 49. Rc4 Qxa7 0-1

[Event "WJCC U20 Girls 2019"]
[Site "New Delhi"]
[Date "2019.10.21"]
[Round "7.2"]
[White "Vaishali R"]
[Black "Shuvalova, Polina"]
[Result "0-1"]
[ECO "A05"]
[WhiteElo "2385"]
[BlackElo "2412"]
[Annotator "NA"]
[PlyCount "74"]
[EventDate "2019.10.15"]
[EventType "swiss"]
[EventCountry "IND"]
[SourceTitle "playchess.com"]
[Source "ChessBase"]
[SourceQuality "1"]
[TimeControl "40/5400+30:1800+30"]

1. Nf3 Nf6 2. c4 e6 3. g3 d5 4. b3 Be7 5. Bg2 O-O 6. Bb2 c5 7. O-O b6 8. cxd5 Nxd5 9. d4 Bb7 10. Nc3 Nd7 11. Rc1 Rc8 12. Nxd5 Bxd5 13. Qd3 cxd4 14. Bxd4 Nc5 15. Qe3 Qd7 16. b4 $11 Nb7 17. a3 Nd6 18. Ba1 Qb7 19. Rfd1 h6 20. Qf4 Rxc1 21. Rxc1 Rc8 22. Rd1 Bf8 23. Bf1 Nc4 24. b5 Nxa3 25. Ne5 f6 26. Ng4 Rc4 27. e4 Rxe4 28. Nxf6+ gxf6 29. Qxf6 Qg7 30. Qd8 Qf7 31. Rc1 Nc4 32. Bf6 Rg4 33. Be2 Rg6 34. Ba1 Nd2 35. Rc7 Qf5 36. Rc1 Nf3+ 37. Kf1 Qh3# 0-1

[Event "WJCC U20 Girls 2019"]
[Site "New Delhi"]
[Date "2019.10.21"]
[Round "7.4"]
[White "Divya Deshmukh"]
[Black "Altantuya, Boldbaatar"]
[Result "1-0"]
[ECO "C05"]
[WhiteElo "2358"]
[BlackElo "2277"]
[Annotator "NA"]
[PlyCount "85"]
[EventDate "2019.10.15"]
[EventType "swiss"]
[EventCountry "IND"]
[SourceTitle "playchess.com"]
[Source "ChessBase"]
[SourceQuality "1"]
[TimeControl "40/5400+30:1800+30"]

1. e4 e6 2. d4 d5 3. Nd2 Nf6 4. e5 Nfd7 5. Ngf3 c5 6. c3 Nc6 7. Bd3 cxd4 8. cxd4 Qb6 9. O-O Nxd4 10. Nxd4 Qxd4 11. Nf3 Qb6 12. a3 {[%emt 0:00:03] C06: French Tarrasch: 3...Nf6 4 e5 Nfd7 5 Bd3 main lines} (12. Qa4 Qb4 13. Qc2 Nc5 14. Bd2 Qa4 15. b3 Qd7 16. Rac1 b6 17. Nd4 Ba6 18. Bxa6 Nxa6 19. Qd3 Nc5 20. Qe2 a5 21. Be3 Be7 22. Qg4 g6 {1-0 (75) Mamedov,R (2660)-Wang,H (2734) Shamkir 2014}) 12... a5 13. Qa4 Be7 14. Bb5 Qd8 15. Qg4 g6 $146 ({Predecessor:} 15... Kf8) 16. Bh6 Bf8 17. Qf4 Bxh6 18. Qxh6 Qe7 19. Qg7 Qf8 20. Qf6 $1 Rg8 21. Rac1 Qe7 22. Qf4 Kf8 23. Rc7 g5 24. Qa4 g4 $18 25. Nd4 Qd8 26. Rxd7 Bxd7 27. Bxd7 Ke7 28. Bb5 Qb6 29. Qd1 a4 30. Qd2 Rac8 31. Qf4 Rg6 32. Bd3 f5 33. exf6+ Rxf6 34. Qxg4 Rcf8 35. Re1 h5 36. Qh4 Kd6 37. Qg3+ Ke7 38. h3 R8f7 39. Qh4 Kf8 40. Re2 Qd6 41. Qxh5 e5 42. Rxe5 Rh6 43. Qe2 1-0

[Event "WJCC U20 Girls 2019"]
[Site "New Delhi"]
[Date "2019.10.21"]
[Round "7.5"]
[White "Afraoui, Anaelle"]
[Black "Berdnyk, Mariia"]
[Result "0-1"]
[ECO "B06"]
[WhiteElo "2106"]
[BlackElo "2349"]
[Annotator "NA"]
[PlyCount "72"]
[EventDate "2019.10.15"]
[EventType "swiss"]
[EventCountry "IND"]
[SourceTitle "playchess.com"]
[Source "ChessBase"]
[SourceQuality "1"]
[TimeControl "40/5400+30:1800+30"]

1. e4 g6 2. d4 Bg7 3. Nc3 d6 4. Be3 a6 5. Qd2 b5 6. a4 b4 7. Nce2 a5 8. c3 Na6 9. Ng3 bxc3 $14 10. bxc3 h5 11. Bb5+ Bd7 12. h3 c6 13. Bc4 Nc7 14. Nf3 h4 15. Ne2 d5 16. exd5 cxd5 17. Bd3 Nf6 18. O-O Ne4 19. Qc2 Nd6 20. Bg5 Bf5 21. Rfe1 Ne6 22. Bxh4 Be4 23. Bg3 Bxf3 24. gxf3 Qd7 25. Bxd6 Qxd6 26. Ng3 Nf4 27. Bf1 Kf8 28. Rab1 Bf6 29. Rb7 Kg7 30. Qb2 Nxh3+ 31. Bxh3 Rxh3 32. Re3 Rah8 33. Kf1 Qf4 34. Qd2 Rxg3 35. Ke2 Rh2 36. Qd3 Rgg2 0-1

[Event "WJCC U20 Girls 2019"]
[Site "New Delhi"]
[Date "2019.10.21"]
[Round "7.6"]
[White "Antova, Gabriela"]
[Black "Arpita, Mukherjee"]
[Result "1-0"]
[ECO "E69"]
[WhiteElo "2318"]
[BlackElo "2271"]
[Annotator "NA"]
[PlyCount "121"]
[EventDate "2019.10.15"]
[EventType "swiss"]
[EventCountry "IND"]
[SourceTitle "playchess.com"]
[Source "ChessBase"]
[SourceQuality "1"]
[TimeControl "40/5400+30:1800+30"]

1. d4 Nf6 2. c4 g6 3. Nf3 Bg7 4. g3 d6 5. Bg2 O-O 6. O-O Nbd7 7. Nc3 e5 8. e4 c6 9. h3 exd4 10. Nxd4 Qa5 11. Re1 Re8 12. Be3 Ne5 13. Bf1 Be6 14. Nxe6 Rxe6 15. Kg2 Rae8 {[%emt 0:00:42] E69: King's Indian: Fianchetto: 6...Nbd7 7 0-0 e5 8 e4 c6 9 h3} 16. Rc1 Ned7 17. f3 a6 18. Qd2 h5 {[%emt 0:09:29] [#]} 19. a3 $146 ({Predecessor:} 19. Ne2 Qc7 20. Red1 Ne5 21. Nf4 R6e7 22. Qxd6 Qc8 23. Be2 {½-½ (54) Hammer,J (2625)-Lie,K (2503) Norway 2014}) 19... Qd8 20. Rcd1 Qb8 $16 21. Ne2 Ne5 22. Nf4 Nxf3 23. Kxf3 Nxe4 24. Qc1 R6e7 25. Bd3 Qc8 26. Kg2 h4 27. gxh4 Qf5 28. Ne2 Qd7 29. Bd4 Bxd4 30. Nxd4 c5 31. Nf3 Qf5 32. Bxe4 Rxe4 33. Rxe4 Rxe4 34. Re1 Rxe1 35. Qxe1 Qc2+ 36. Qd2 Qxc4 37. Qxd6 Qe2+ 38. Kg3 Qxb2 39. Qxc5 b5 40. Qc8+ Kg7 41. Qxa6 b4 42. axb4 Qxb4 43. Qe2 f6 44. Qd2 Qb8+ 45. Qf4 Qb3 46. Qc7+ Kf8 47. h5 gxh5 48. Qc5+ Kg7 49. Qxh5 Qb8+ 50. Kh4 Qb6 51. Qg4+ Kf7 52. Nd4 Qb4 53. Kh5 Qc5+ 54. Kh6 Qc1+ 55. Kh7 Qb1+ 56. Qf5 Qb7 57. Qg6+ Kf8+ 58. Kh8 Qb6 59. Nf5 Qe6 60. Qg7+ Ke8 61. Qg8+ 1-0

[Event "WJCC U20 Girls 2019"]
[Site "New Delhi"]
[Date "2019.10.21"]
[Round "7.9"]
[White "Pandey Srishti"]
[Black "Vantika Agrawal"]
[Result "1-0"]
[ECO "A01"]
[WhiteElo "1963"]
[BlackElo "2283"]
[Annotator "NA"]
[PlyCount "83"]
[EventDate "2019.10.15"]
[EventType "swiss"]
[EventCountry "IND"]
[SourceTitle "playchess.com"]
[Source "ChessBase"]
[SourceQuality "1"]
[TimeControl "40/5400+30:1800+30"]

1. b3 e5 2. Bb2 d6 3. e3 Nf6 4. d4 Nbd7 5. dxe5 dxe5 6. Nf3 Bd6 7. Nbd2 Qe7 8. Nc4 O-O 9. Be2 b6 10. O-O Bb7 11. a4 a5 12. Qc1 $15 Ne4 13. Nfd2 Nec5 14. Re1 Qg5 15. f3 f5 16. Bf1 Rae8 17. Qd1 Re6 18. Nxd6 cxd6 19. Qe2 Rh6 20. Rad1 Qh5 21. h3 Qg5 22. f4 exf4 23. Qc4+ Kh8 24. Qxf4 Qg6 25. Nf3 Ne4 26. Qh2 Ng3 27. Kf2 Nc5 28. Bd3 Nge4+ 29. Kg1 Nxd3 30. cxd3 Nc5 31. Nd4 Rh5 32. Rf1 Bxg2 33. Qxg2 Rg5 34. Rf2 f4 35. exf4 Rxf4 36. Qxg5 Qxg5+ 37. Rg2 Qh6 38. Re1 Rf8 39. Nf5 Qf6 40. Bxf6 gxf6 41. Re7 Nxd3 42. Rgg7 1-0

[Event "WJCC U20 Girls 2019"]
[Site "New Delhi"]
[Date "2019.10.21"]
[Round "7.10"]
[White "Diakonova, Ekaterina"]
[Black "Sapale Saloni"]
[Result "1/2-1/2"]
[ECO "B03"]
[WhiteElo "2231"]
[BlackElo "2142"]
[Annotator "NA"]
[PlyCount "92"]
[EventDate "2019.10.15"]
[EventType "swiss"]
[EventCountry "IND"]
[SourceTitle "playchess.com"]
[Source "ChessBase"]
[SourceQuality "1"]
[TimeControl "40/5400+30:1800+30"]

1. e4 Nf6 2. e5 Nd5 3. c4 Nb6 4. d4 d6 5. exd6 cxd6 6. Nc3 g6 7. Be3 Bg7 8. Rc1 O-O 9. b3 e5 10. dxe5 dxe5 11. Qxd8 Rxd8 12. c5 N6d7 13. Bc4 Nc6 14. Nf3 h6 {[%emt 0:00:42] B03: Alekhine's Defence: Four Pawns Attack} 15. O-O Nf8 16. Nb5 Be6 17. Nd6 Bxc4 18. Rxc4 Rd7 19. b4 Ne6 20. Re1 Rad8 $146 ({Predecessor:} 20... f5 21. b5 Ne7 22. Bxh6 Bxh6 23. Nxe5 {½-½ (42) Kulaots,K (2574)-Chekhova Kostina,T (2246) Minsk 2015}) 21. Bc1 (21. b5 $11 Ne7 22. g3) 21... b6 22. Ba3 Ncd4 23. Nxd4 $15 Nxd4 24. h3 Rc7 25. Rcc1 f5 26. Nc4 bxc5 27. Nxe5 Nb5 28. Bb2 cxb4 29. Rxc7 Nxc7 30. Nc6 Rd7 31. Bxg7 Kxg7 32. Nxb4 Kf6 33. Rc1 Ne6 34. Rc6 a5 35. Na6 Rd1+ 36. Kh2 Ke5 37. Nc5 Nxc5 38. Rxc5+ Rd5 39. Rc6 Rd6 40. Rc5+ Rd5 41. f4+ Ke6 42. Rc4 Kd7 43. Rc3 Rd4 44. Kg3 Ra4 45. a3 Kd6 46. Kf3 {[%emt 0:00:00] Kc6 Re3} Kd5 {[%emt 0:02:10] Re6} 1/2-1/2

[Event "WJCC U20 Girls 2019"]
[Site "New Delhi"]
[Date "2019.10.21"]
[Round "7.11"]
[White "Potluri Supreetha"]
[Black "Mrudul Dehankar"]
[Result "1/2-1/2"]
[ECO "E11"]
[WhiteElo "1767"]
[BlackElo "2227"]
[Annotator "NA"]
[PlyCount "95"]
[EventDate "2019.10.15"]
[EventType "swiss"]
[EventCountry "IND"]
[SourceTitle "playchess.com"]
[Source "ChessBase"]
[SourceQuality "1"]
[TimeControl "40/5400+30:1800+30"]

1. d4 Nf6 2. Nf3 e6 3. c4 Bb4+ 4. Nbd2 b6 5. a3 Bxd2+ 6. Qxd2 Bb7 7. e3 d6 8. Be2 Nbd7 9. O-O O-O 10. b4 Ne4 11. Qc2 f5 12. Bb2 Qe7 13. Rad1 a5 14. d5 e5 15. Bd3 Ndf6 $11 16. Ne1 g6 17. f3 Ng5 18. f4 Ng4 19. Bc1 Nf7 20. e4 fxe4 21. Bxe4 exf4 22. Bxg6 Ng5 23. Bd3 Ne3 24. Bxe3 fxe3 25. Nf3 Nxf3+ 26. gxf3 Qe5 27. Bxh7+ Kf7 28. Rde1 Rh8 29. Qg6+ Kf8 30. f4 Qg7 31. Qxg7+ Kxg7 32. Bd3 axb4 33. axb4 Ra2 34. Re2 Rxe2 35. Bxe2 Kf6 36. Rf3 Re8 37. b5 Bc8 38. h3 Bf5 39. Kf1 Bg6 40. f5 Bf7 41. Rf4 Ke5 42. Rh4 Kxf5 43. Bd3+ Kg5 44. Rg4+ Kh6 45. Rh4+ Kg5 46. Rg4+ Kh6 47. Rh4+ Kg5 48. Rg4+ {[%emt 0:00:00] Kf5} 1/2-1/2

[Event "WJCC U20 Girls 2019"]
[Site "New Delhi"]
[Date "2019.10.21"]
[Round "7.13"]
[White "Nilssen, Ellen Fredericia"]
[Black "Munkhzul, Turmunkh"]
[Result "0-1"]
[ECO "A22"]
[WhiteElo "2137"]
[BlackElo "2332"]
[Annotator "NA"]
[PlyCount "58"]
[EventDate "2019.10.15"]
[EventType "swiss"]
[EventCountry "IND"]
[SourceTitle "playchess.com"]
[Source "ChessBase"]
[SourceQuality "1"]
[TimeControl "40/5400+30:1800+30"]

1. c4 e5 2. Nc3 Nf6 3. g3 d5 4. cxd5 Nxd5 5. Bg2 Nb6 6. d3 Be7 7. Nf3 Nc6 8. O-O O-O 9. Be3 Be6 10. Nd2 f5 11. Nb3 Kh8 12. Nc5 Bc8 13. f4 $11 exf4 14. gxf4 Rf6 15. b4 Nxb4 16. Nxb7 Bxb7 17. Bxb7 N6d5 18. Nxd5 Nxd5 19. Bf2 Rb8 20. Bxd5 Qxd5 21. d4 Rg6+ 22. Bg3 h5 23. e4 fxe4 24. Kh1 Qf5 25. Rb1 Rd8 26. Qc2 c6 27. Rb7 Bf6 28. Re1 Qh3 29. Rf1 Qxf1# 0-1

[Event "WJCC U20 Girls 2019"]
[Site "New Delhi"]
[Date "2019.10.21"]
[Round "7.14"]
[White "Song, Yuxin"]
[Black "Harshita Guddanti"]
[Result "1/2-1/2"]
[ECO "B75"]
[WhiteElo "2292"]
[BlackElo "2123"]
[Annotator "NA"]
[PlyCount "137"]
[EventDate "2019.10.15"]
[EventType "swiss"]
[EventCountry "IND"]
[SourceTitle "playchess.com"]
[Source "ChessBase"]
[SourceQuality "1"]
[TimeControl "40/5400+30:1800+30"]

1. e4 c5 2. Nf3 d6 3. d4 cxd4 4. Nxd4 Nf6 5. Nc3 g6 6. Be3 Bg7 7. f3 Nc6 8. Qd2 h5 9. O-O-O Bd7 10. Nxc6 bxc6 11. Bc4 Qa5 12. Kb1 Qb4 13. Bb3 a5 14. e5 dxe5 15. Qf2 Bf5 $11 16. Na4 Nd5 17. Bc5 Qb7 18. Ka1 Bf6 19. Qd2 Kf8 20. Bxd5 cxd5 21. Qxd5 Qxd5 22. Rxd5 Kg7 23. c3 e4 24. Nb6 Rad8 25. Rhd1 e6 26. Rxd8 Rxd8 27. Rxd8 Bxd8 28. Bd4+ f6 29. f4 Bxb6 30. Bxb6 a4 31. Be3 Kf7 32. b4 axb3 33. axb3 Ke7 34. c4 Kd6 35. Bd4 e3 36. Bxf6 e2 37. Bc3 Kc5 38. Kb2 h4 39. Be1 Kd4 40. Bf2+ Kd3 41. Kc1 h3 42. gxh3 Kc3 43. c5 Be4 44. Be1+ Kxb3 45. Kd2 Kc4 46. Bf2 Bf3 47. Ke3 e1=Q+ 48. Bxe1 Bc6 49. Kf2 Kxc5 50. Kg3 Kd4 51. Kg4 e5 52. Bf2+ Ke4 53. fxe5 Kxe5 54. Kg5 Be8 55. Bg3+ Ke6 56. Bf4 Bf7 57. Bc1 Be8 58. Bb2 Bf7 59. h4 Be8 60. Kh6 Kf5 61. Kg7 Kg4 62. Kf8 Bb5 63. Kf7 Bd3 64. Bf6 Kh3 65. Bg5 Kxh2 66. Kg7 Kg3 67. Kh6 Bc2 68. h5 gxh5 69. Kxh5 1/2-1/2

[Event "WJCC U20 Girls 2019"]
[Site "New Delhi"]
[Date "2019.10.21"]
[Round "7.16"]
[White "Protopopova, Anastasiya"]
[Black "Mungunzul, Bat-Erdene"]
[Result "1-0"]
[ECO "D11"]
[WhiteElo "2263"]
[BlackElo "1912"]
[Annotator "NA"]
[PlyCount "69"]
[EventDate "2019.10.15"]
[EventType "swiss"]
[EventCountry "IND"]
[SourceTitle "playchess.com"]
[Source "ChessBase"]
[SourceQuality "1"]
[TimeControl "40/5400+30:1800+30"]

1. d4 d5 2. c4 c6 3. Nf3 Nf6 4. g3 Bf5 5. Nc3 e6 6. Nh4 {D11: Slav Defence: 3 Nf3 sidelines and 3...Nf6 4 e3 Bg4} Be4 (6... Bg4 7. h3 Bh5 8. Qb3 Qb6 9. c5 Qc7 10. Bf4 Qc8 11. g4 Bg6 12. Nxg6 hxg6 {½-½ (45) Inarkiev,E (2682)-Karjakin,S (2750) Nazran 2019}) 7. f3 Bg6 8. Nxg6 hxg6 9. Qb3 Qc8 10. Be3 Nbd7 $146 ({Predecessor:} 10... Bd6 11. Bf2 Nbd7 12. O-O-O O-O {1-0 (53) Kruzhilin,A (2059)-Karpenko,A (2165) Saratov 2014}) 11. Bf2 dxc4 12. Qxc4 Bd6 13. e4 e5 14. f4 Nb6 15. Qe2 exd4 16. Bxd4 Be7 17. O-O-O Qe6 {[#]} 18. h4 $1 Bb4 {[#]} 19. Bh3 $16 Qe7 20. Rhe1 O-O 21. a3 Bxc3 22. Bxc3 Rfd8 23. e5 Rxd1+ 24. Rxd1 Nfd5 25. Be1 Qc5+ 26. Kb1 Re8 27. h5 gxh5 28. Qxh5 Qb5 29. Bf5 Ne3 30. Qh7+ Kf8 31. Bb4+ c5 32. Bd7 Nxd7 33. Rxd7 Qf1+ 34. Be1 Qxe1+ 35. Ka2 1-0

[Event "WJCC U20 Girls 2019"]
[Site "New Delhi"]
[Date "2019.10.21"]
[Round "7.17"]
[White "Toshali, V."]
[Black "Priyanka Nutakki"]
[Result "0-1"]
[ECO "A48"]
[WhiteElo "1868"]
[BlackElo "2248"]
[Annotator "NA"]
[PlyCount "130"]
[EventDate "2019.10.15"]
[EventType "swiss"]
[EventCountry "IND"]
[SourceTitle "playchess.com"]
[Source "ChessBase"]
[SourceQuality "1"]
[TimeControl "40/5400+30:1800+30"]

1. d4 Nf6 2. Nf3 g6 3. Nc3 d5 4. Bf4 Bg7 5. e3 ({Predecessor:} 5. Nb5 Na6 6. e3 c6 7. Nc3 Nc7 8. Bd3 Ne6 9. Be5 O-O 10. O-O c5 11. dxc5 Nxc5 {0-1 (59) Sharapan,D-Shakhzadov,S Stavropol 2019}) 5... O-O 6. Be2 c5 7. dxc5 Nbd7 8. O-O Nxc5 9. Be5 {D00: 1 d4 d5: Unusual lines} e6 $146 (9... b6 10. a4 Bb7 11. Bd4 Ne6 12. Be5 Nc5 13. Ra3 Ncd7 14. Bd4 Qb8 15. Na2 e5 16. Bc3 a6 {0-1 (42) Krishna,C (2446)-Bai,J (2591) Qingdao 2019}) 10. Nb5 Ne8 11. Bxg7 Nxg7 12. c4 a6 13. Nc3 dxc4 14. Bxc4 b5 15. b4 Nd7 16. Bd3 Bb7 17. Be4 Bxe4 18. Nxe4 f5 19. Nc5 Nb6 (19... Nxc5 $14 20. bxc5 Ne8) 20. e4 $14 Qe7 21. Re1 a5 22. exf5 Rxf5 23. Nd4 Rd5 24. Qg4 axb4 25. Ncxe6 Qd7 26. h3 Re8 27. Nxg7 Rxe1+ 28. Rxe1 Qxg4 29. hxg4 Rxd4 30. Ne8 Rd2 31. g5 Rxa2 32. Nd6 Nd5 33. Rb1 Ra5 34. f4 Kf8 35. f5 gxf5 36. Nxf5 Kf7 37. Nd4 Kg6 38. Nf3 Ra2 39. Kh2 Kf5 40. Nd4+ Kxg5 41. Nxb5 Rd2 42. Rb3 Kf4 43. Nd6 Rc2 44. Rh3 Ke5 45. Nb5 Rxg2+ 46. Kxg2 Nf4+ 47. Kg3 Nxh3 48. Kxh3 Kd5 49. Kg4 Kc5 50. Nc7 b3 51. Ne6+ Kc4 52. Ng5 b2 53. Nxh7 b1=Q 54. Ng5 Kd5 55. Kf4 Qc1+ 56. Kf5 Qf1+ 57. Kg4 Qf6 58. Nf3 Ke4 59. Ng5+ Ke3 60. Nh3 Qg7+ 61. Ng5 Qg6 62. Kh4 Kf4 63. Nh3+ Kf5 64. Nf2 Qg2 65. Kh5 Qg5# 0-1